cohdb
Replays
Latest Replays
All Replays
Popular Replays
Top Player Replays
Match Explorer
How It Works
Community
CoH3 Stats
Reddit
Sign in to upload your games and track your stats! →
Sign in with Steam
Match 45417586
Unlisted
Match 45417586
Overview
Messages
Build Orders
End
Selects Italian Coastal Battlegroup
Selects Coastal Reserves
Coastal Reserve
Construct Infanterie Kompanie
Coastal Reserve
Coastal Reserve
Selects Artillery Officer
MG 42 Bunker
Artillery Officer
MG 42 Bunker
Coastal Reserve
Medical Bunker
Construct Panzergrenadier Kompanie
Selects Support Bunkers
Pak 40 Anti-tank Gun Team
Artillery Officer
Support Elements
Selects Obice da 210/22 Artillery Emplacement
MG 42 Bunker
Selects Designated Artillery Overwatch
Medical Bunker
Medical Station
Lacrimosa
荡漾
13Magic
kaboomcanuck
potatoo
EceH4iK
0
0
Comments
sign in to comment!
No comments posted yet!